 Dungeon Crawl Stone Soup version 0.28-a0-1613-gdaab1c2f9b (webtiles) character file.

Game seed: 2174193995888088081

40 issech the Ducker (level 3, 0/36 HPs)
             Began as a Troll Fighter on Jan 22, 2022.
             Slain by a scorpion (3 damage)
             ... on level 1 of the Dungeon.
             The game lasted 00:04:29 (1444 turns).

issech the Ducker (Troll Fighter)                   Turns: 1444, Time: 00:04:29

Health: 0/36       AC:  4    Str: 24    XL:     3   Next: 30%
Magic:  2/2        EV:  9    Int:  4    God:
Gold:   18         SH:  7    Dex: 11    Spells: 2/2 levels left

rFire   . . .      SeeInvis .   e - +0 whip
rCold   . . .      Faith    .   c - +0 kite shield
rNeg    . . .      Spirit   .   b - +0 robe
rPois   .          Reflect  .   (helmet restricted)
rElec   .          Harm     .   (no cloak)
rCorr   .          Rampage  .   (gloves unavailable)
Will    .....                   (boots unavailable)
Stlth   +.........              (no amulet)
HPRegen 0.92/turn               (no ring)
MPRegen 0.08/turn               (no ring)

@: lethally poisoned (0 -> -2)
A: large, unfitting armour, claws 3, regeneration 1, shaggy fur 1, tough skin 1
a: no special abilities


You were on level 1 of the Dungeon.
You visited 1 branch of the dungeon, and saw 2 of its levels.

You collected 18 gold pieces.

Inventory:

Hand Weapons
 a - a +0 flail
 e - a +0 whip (weapon)
Missiles
 f - 48 stones (quivered)
 i - 5 poisoned darts
 j - 20 arrows
Armour
 b - a +0 robe (worn)
 c - a +0 kite shield (worn)
Scrolls
 h - a scroll of enchant armour {unknown}
Potions
 d - a potion of might
 g - a potion of ambrosia {unknown}


   Skills:
 + Level 2.7 Fighting
 + Level 2.2 Maces & Flails
 + Level 2.8 Dodging
 + Level 2.7 Shields


You had 2 spell levels left.
You didn't know any spells.
Your spell library contained the following spells:

 Spells                   Type           Power      Damage    Failure   Level
 Dazzling Flash           Conj/Hex       0%         N/A       99%         3
 Iskenderun's Mystic Bla  Conj/Tloc      0%         2d3       100%        4
 Starburst                Conj/Fire      0%         6d3       100%        6


Dungeon Overview and Level Annotations

Branches:
Dungeon (2/15)

Altars:


Innate Abilities, Weirdness & Mutations

You are too large for most types of armour.
You have claws for hands.
Your natural rate of healing is unusually fast.
You are covered in fur. (AC +1)
You have tough skin. (AC +1)


Message History

You block the scorpion's attack.
The scorpion stings you but does no damage.
The scorpion closely misses you.
You hit the scorpion but do no damage. The scorpion stings you.
You closely miss the scorpion. The scorpion stings you.
You are poisoned.
The scorpion poisons you! The scorpion stings you.
You hit the scorpion.
The scorpion is lightly wounded.
You feel sick.
The scorpion stings you but does no damage.
You hit the scorpion.
The scorpion is moderately wounded.
You feel sick. You block the scorpion's attack.
You hit the scorpion but do no damage.
The scorpion is moderately wounded.
You feel sick.
The scorpion stings you but does no damage.
You block the scorpion's attack.
You hit the scorpion but do no damage.
The scorpion is moderately wounded.
You feel sick. The scorpion stings you.
You are more poisoned.
The scorpion poisons you!
You closely miss the scorpion.
The scorpion is moderately wounded.
You feel very sick. The scorpion stings you.
* * * LOW HITPOINT WARNING * * *
You block the scorpion's attack.
You hit the scorpion but do no damage.
The scorpion is moderately wounded.
You feel very sick. The scorpion stings you.
* * * LOW HITPOINT WARNING * * *
* * * LOW HITPOINT WARNING * * *
You feel sick. The scorpion closely misses you.
* * * LOW HITPOINT WARNING * * *
You feel sick. The scorpion stings you.
You die...

...........##.#..##.##..##.##....
...........##.#..##.###.##.##....
...).......##.#..##.###.##.##....
...........##.#..##........##....
##.........##.#..##........##....
#.........##.#..##........##....
#.........##.#..##..[...........
####..#.....#.#.s########..######
.###..#####.#.#.@#........>#.....
...)..#...#.#.#..#.#########.....
......#.#.#.#.#..#.# #.....
......#.#.#.#.#..#.# #.....
......#.#.#.#.#>.#.# #.....
......###.#.#)#..#.##############
####......#.#.#............#
#.######.#.#............##
#........#.#............)####


You could see a scorpion.

Vanquished Creatures
  7 ball pythons
  5 endoplasms (D:1)
  A giant cockroach (D:1)
  4 hobgoblins (D:1)
  3 quokkas (D:1)
  6 bats (D:1)
  2 frilled lizards (D:1)
  4 goblins (D:1)
  4 kobolds
  A rat (D:1)
37 creatures vanquished.

Notes
Turn   | Place    | Note
-------+----------+-------------------------------------------
     0 | D:1      | issech the Troll Fighter began the quest for the Orb.
     0 | D:1      | Reached XP level 1. HP: 22/22 MP: 0/0
   182 | D:1      | Reached XP level 2. HP: 29/29 MP: 1/1
   528 | D:1      | Reached XP level 3. HP: 36/36 MP: 2/2
  1322 | D:2      | Noticed a scorpion
  1444 | D:1      | Slain by a scorpion

Illustrated notes

Levels and vault maps discovered:
D:1:      wheals_arrival_linesprint, layout_basic, minmay_misc_feat_enclosed,
          kennysheep_boxes
D:2:      minmay_razor_zed, layout_rooms,
          shapermc_ecumenical_altar_mp_ritualfount

Skill      XL: |  1  2 |
---------------+-------+-----
Maces & Flails | 2 |  2.2
Fighting       | |  2.7
Dodging        | |  2.8
Shields        | |  2.7

Action                   || total
-------------------------++-------
Melee: Flail             ||    21
       Whip              ||   122
Throw: Stone             ||     4
 Stab: Sleeping          ||     1
Armor: Robe              ||    58
Dodge: Dodged            ||    74
Block: Kite shield       ||    60

Table legend: (Time is in decaauts)
 A = Elapsed time spent in this place.
 B = Non-inter-level travel time spent in this place.
 C = Inter-level travel time spent in this place.
 D = Time resting spent in this place.
 E = Time spent auto-exploring this place.
 F = Levels seen in this place.
 G = Mean time per level.
                   A        B        C        D        E       F      G
               +--------+--------+--------+--------+--------+-----+--------+
         Total |   1509 |   1509 |      0 |      0 |    950 |   2 |  754.5 |
       Dungeon |   1509 |   1509 |      0 |      0 |    950 |   2 |  754.5 |
               +--------+--------+--------+--------+--------+-----+--------+

Top non-repeatable levels by time:
     D:1: 1425 daAuts
     D:2: 84 daAuts
